AoeStats
← chirigatica

Migration

510219362Analyzed
1v1 RM · 3d ago on Sep 30, 2026· 45m 6s· 2 players
Game mode
Random Map
Map size
132×132
Population
200
Speed
Normal
Resources
Standard
Victory
Conquest
Starting age
Dark Age
Ending age
Imperial Age
RankedLock teamsTeams togetherTeam positionsShared explorationLock speedFull tech treeHidden civsTurbo modeCheats
Victory
Defeat
🇨🇱 Sicilians · Chile
234
+17
🇦🇷 Bohemians · Argentina
247
-17
chirigatica
10:32 Loom
13:24 Feudal Age
14:03 Double-Bit Axe
14:02 Fishing Lines
15:02 Wheelbarrow
14:53 Horse Collar
17:03 Stone Mining
17:05 Gold Mining
21:38 Fletching
22:00 Forging
26:17 Castle Age
28:47 Bloodlines
28:43 Husbandry
28:13 Pikeman
30:17 Gillnets
38:28 Hand Cart
46:52 Imperial Age
juanrodrigomiguel
1:24 Loom
13:44 Feudal Age
15:14 Wheelbarrow
16:14 Double-Bit Axe
21:38 Horse Collar
25:44 Castle Age
26:54 Heavy Plow
27:09 Bow Saw
27:44 Medium Warships
29:43 Chemistry
28:34 Demolition Ship
30:00 Hand Cart
33:36 Fishing Lines
45:40 Imperial Age
Connection lost

Rejoining the realm…

Still unreachable

The connection could not be restored.

Session expired

The server has moved on; the page needs a fresh start.